 Dungeon Crawl Stone Soup version 0.23.0-2-g0fe3ce5905 (webtiles) character file.

Game seed: 10241590047227771316

42 Laan the Skirmisher (level 3, -1/22 HPs)
             Began as a Gargoyle Wanderer on Feb 20, 2019.
             Slain by Natasha (3 damage)
             ... on level 2 of the Dungeon.
             The game lasted 00:02:55 (1003 turns).

Laan the Skirmisher (Gargoyle Wanderer)             Turns: 1003, Time: 00:02:55

Health: -1/22      AC:  6    Str: 16    XL:     3   Next: 54%
Magic:  6/6        EV: 11    Int: 12    God:
Gold:   20         SH:  0    Dex:  9    Spells: 6/6 levels left

rFire    . . .     SeeInvis .   b - +0 short sword
rCold    . . .     Gourm    .   (no shield)
rNeg     + . .     Faith    .   d - +0 leather armour
rPois    ∞         Spirit   .   (no helmet)
rElec    +         Reflect  .   (no cloak)
rCorr    .         Harm     .   (no gloves)
MR       .....                  (no boots)
Stlth    +.........             (no amulet)
HPRegen  0.07/turn              (no ring)
MPRegen  0.10/turn              (no ring)

@: slowed, very slow
A: negative energy resistance 1, electricity resistance, unbreathing,
petrification resistance, rot immunity, AC +3
a: no special abilities


You were on level 2 of the Dungeon.
You were not hungry.

You visited 1 branch of the dungeon, and saw 2 of its levels.

You collected 20 gold pieces.

Inventory:

Hand Weapons
 a - a +0 blowgun
 b - a +0 short sword (weapon)
Missiles
 h - 2 javelins (quivered)
Armour
 d - a +0 leather armour (worn)
Scrolls
 i - 4 scrolls of identify {unknown}
 j - a scroll of fog {unknown}
Potions
 g - a potion of invisibility {unknown}
Comestibles
 e - 6 chunks of flesh
 f - 4 rations


   Skills:
 + Level 2.6 Fighting
 - Level 1.7 Short Blades
 - Level 1.0 Throwing
 + Level 2.2 Armour
   Level 1.1 Shields
 - Level 2.0 Spellcasting
   Level 2.4 Air Magic


You had 6 spell levels left.
You didn't know any spells.
Your spell library contained the following spells:

 Spells                   Type           Power        Failure   Level  Hunger
 Shock                    Conj/Air       #...         21%         1    ##.....
 Swiftness                Chrm/Air       #.......     30%         2    ###....
 Beastly Appendage        Tmut           #.....       32%         1    ##.....
 Static Discharge         Conj/Air       #.......     52%         3    ####...
 Ignite Poison            Fire/Tmut/Pois #.......     69%         3    ####...
 Airstrike                Air            #.........   77%         4    #####..
 Lightning Bolt           Conj/Air       #.........   99%         5    ######.


Dungeon Overview and Level Annotations

Branches:
Dungeon (2/15)

Altars:

Annotations:
D:2 Natasha


Innate Abilities, Weirdness & Mutations

You are resistant to torment.
Your stone body is resilient. (AC +3)
You are immune to poison.
You resist negative energy. (rN+)
You are resistant to electric shocks. (rElec)
You can survive without breathing.
You are immune to petrification.
You are immune to rotting.


Message History

You closely miss Natasha.
Natasha is severely wounded.
Natasha hisses.
Natasha claws you but does no damage.
Natasha howls an incantation.
You feel troubled. Natasha misses you.
Some of the chunks of flesh in your inventory have rotted away.
You closely miss Natasha.
Natasha is severely wounded.
Natasha claws you.
* * * LOW HITPOINT WARNING * * *
You closely miss Natasha.
Natasha is severely wounded.
Natasha casts a spell.
Natasha closely misses you.
You hit Natasha but do no damage.
Natasha is heavily wounded.
Natasha claws you.
You die...

#.##.#.##..
#.##.#.##.#
#.##.#.##.###.
#.##.#.#......
#.##.#.#.<#
#.##.#.#.#.# #
#.#....÷###.#
#####.#####........#
##
#(....h@.......####.#
......#####....# .#
..... ...((..## #
.... #####..# (..
#..# .. #..# . #..#
#..#


You could see Natasha.

Vanquished Creatures
  An adder (D:2)
  2 oozes
  2 dart slugs (D:1)
  A leopard gecko (D:2)
  A giant cockroach (D:1)
  3 goblins (D:1)
  A hobgoblin (D:1)
  5 bats
  2 frilled lizards (D:1)
  2 kobolds (D:1)
  3 rats
23 creatures vanquished.

Notes
Turn   | Place    | Note
-------+----------+-------------------------------------------
     0 | D:1      | Laan the Gargoyle Wanderer began the quest for the Orb.
     0 | D:1      | Laan set off with the following items: 10 poisoned needles,
                  | a +0 blowgun, a +0 robe, a ration; and the following spells
                  | available to memorise: Shock, Beastly Appendage, Swiftness,
                  | Static Discharge, Ignite Poison, Airstrike, Lightning Bolt
     0 | D:1      | Reached XP level 1. HP: 12/12 MP: 3/3
   285 | D:1      | Noticed a basilisk
   285 | D:1      | Noticed a tyrant leech
   285 | D:1      | Noticed a queen ant
   286 | D:1      | Noticed a hell rat
   286 | D:1      | Noticed a fire giant
   290 | D:1      | Reached skill level 1 in Armour
   290 | D:1      | Reached XP level 2. HP: 17/17 MP: 5/5
   828 | D:1      | Reached XP level 3. HP: 18/21 MP: 6/6
   987 | D:2      | Noticed Natasha
  1003 | D:2      | Slain by Natasha

Skill      XL: |  1  2  3 |
---------------+----------+-----
Armour         | 1 2 |  2.2
Fighting       | 2 |  2.6
Short Blades   | |  1.7
Throwing       | |  1.0
Shields        | |  1.1
Spellcasting   | |  2.0
Air Magic      | |  2.4

Action                   || total
-------------------------++-------
Melee: Unarmed           ||    10
       Short sword       ||    56
 Fire: Blowgun           ||    61
Throw: Javelin           ||     2
Armor: Robe              ||    12
       Leather armour    ||    41
Dodge: Dodged            ||    53
